 Dungeon Crawl Stone Soup version 0.27-a0-334-g52645efa06 (webtiles) character file.

Game seed: 1890379343316724943

247 inc the Scratcher (level 5, -1/24 HPs)
             Began as a Felid Chaos Knight on Feb 13, 2021.
             Was a Plaything of Xom.
             Slain by a worker ant (8 damage)
             ... on level 4 of the Dungeon.
             The game lasted 00:04:16 (4135 turns).

inc the Scratcher (Felid Chaos Knight)              Turns: 4135, Time: 00:04:17

Health: -1/24      AC:  1    Str:  8    XL:     5   Next: 85%
Magic:  6/6        EV: 18    Int: 14    God:    Xom [..*...]
Gold:   216        SH:  0    Dex: 16    Spells: 4/4 levels left
                                        Lives:  0   Deaths: 1

rFire    . . .     SeeInvis +     - Unarmed
rCold    . . .     Faith    .   (shield unavailable)
rNeg     . . .     Spirit   .   (armour unavailable)
rPois    .         Reflect  .   (helmet unavailable)
rElec    .         Harm     .   (cloak unavailable)
rCorr    .         Rampage  .   (gloves unavailable)
Will     .....                  (boots unavailable)
Stlth    ++........             l - amulet of the acrobat
HPRegen  0.08/turn              k - ring of flight
MPRegen  0.10/turn              (no ring)

@: lethally poisoned (-1 -> -5), quick
A: very small, no armour, no weapons or thrown items, stealth, claws 1, fangs 3,
see invisible, speed 1, shaggy fur 1, sharp paws
a: Renounce Religion, Evoke Flight


You were on level 4 of the Dungeon.
You worshipped Xom.
You were a toy of Xom.
You visited 1 branch of the dungeon, and saw 4 of its levels.

You collected 216 gold pieces.

Inventory:

Jewellery
 g - a ring of fire
 k - a ring of flight (left paw)
 l - an amulet of the acrobat (around neck)
Wands
 j - a wand of paralysis (12)
Scrolls
 c - 4 scrolls of teleportation {unknown}
 d - a scroll of fog {unknown}
 n - a scroll of amnesia {unknown}
 o - a scroll of enchant armour {unknown}
 q - a scroll of immolation {unknown}
Potions
 a - a potion of resistance
 b - a potion of attraction {unknown}
 e - 3 potions of mutation
 f - a potion of heal wounds {unknown}
 h - a potion of flight
 i - a potion of magic {unknown}
 p - a potion of curing {unknown}


   Skills:
 - Level 3.0 Fighting
 - Level 3.2 Dodging
 + Level 7.1 Unarmed Combat


You had 4 spell levels left.
You didn't know any spells.
Your spell library was empty.

Dungeon Overview and Level Annotations

Branches:
Dungeon (4/15)
 Temple: D:4-7

Altars:
Fedhas
Kikubaaqudgha
Okawaru
Vehumet
Wu Jian
Yredelemnul


Innate Abilities, Weirdness & Mutations

You cannot wear armour.
You are incapable of wielding weapons or throwing items.
Your paws allow you to move quietly. (Stealth)
You have sharp claws.
You have razor-sharp teeth.
You have supernaturally acute eyesight. (SInv)
You cover ground quickly.
You are covered in fur. (AC +1)
Your sharp claws are effective at attacking unaware monsters.


Message History

Okay, then.
You now have 216 gold pieces (gained 25).
Done exploring.
Done exploring.
(D) Dungeon
Where to? (Enter - D:3, ? - help)
There is a stone staircase leading down here.
You climb downwards.
A worm comes into view.
There is a stone staircase leading up here.
A worm is nearby!
A worker ant comes into view.
Found a lead wand.
You scratch the worker ant but do no damage. "Heh heh heh..."
The worm looks rather confused.
The worker ant looks rather confused.
Found a scroll labelled BUPHI MUCO.
You scratch the worker ant.
You bite the worker ant, but do no damage.
The worker ant is moderately wounded.
The worker ant bites you.
You barely miss the worker ant.
The worker ant is moderately wounded.
The worker ant seems less confused.
The worker ant bites you.
You barely miss the worker ant.
The worker ant is moderately wounded.
The worker ant bites you.
You are poisoned.
The worker ant poisons you! The worker ant bites you.
You feel sick.
Okay, then.
You feel sick.
There is a stone staircase leading up here.
You scratch the worker ant.
The worker ant is severely wounded.
The worker ant completely misses you.
You scratch the worker ant.
The worker ant is almost dead.
The worker ant bites you!
You die...

..#.. ....
#.#.###...?
#.#......#
#.#.....
#.....#
#...w.#
##....#
#B##..../..
#@# .######
#.# .# #..
.# ######


You could see a worker ant.

Vanquished Creatures
  Menkaure (D:3)
  Natasha (twice) (D:3)
  A hound skeleton (D:3)
  4 gnolls (D:2)
  3 adders
  An ooze (D:2)
  An adder skeleton (D:3)
  A worm (D:2)
  A dart slug (D:2)
  2 leopard geckos (D:1)
  2 orcs (D:3)
  A ball python (D:2)
  2 giant cockroaches (D:1)
  5 goblins
  5 hobgoblins
  10 jackals (D:1)
  11 kobolds
  A quokka (D:2)
  11 bats
  8 frilled lizards
  3 rats
76 creatures vanquished.

Notes
Turn   | Place    | Note
-------+----------+-------------------------------------------
     0 | D:1      | inc the Felid Chaos Knight began the quest for the Orb.
     0 | D:1      | Reached XP level 1. HP: 10/10 MP: 2/2
   214 | D:1      | Reached XP level 2. HP: 8/14 MP: 3/3
   732 | D:1      | XOM: potion effect (might)
   814 | D:1      | Reached skill level 4 in Unarmed Combat
   934 | D:1      | XOM: silly message
   937 | D:1      | Reached XP level 3. HP: 16/17 MP: 4/4
   945 | D:1      | XOM: silly message
  1518 | D:1      | XOM: noise
  1787 | D:2      | Reached skill level 5 in Unarmed Combat
  1787 | D:2      | Reached XP level 4. HP: 21/21 MP: 5/5
  1788 | D:2      | XOM: butterfly on damage
  2075 | D:2      | XOM: silly message
  2082 | D:2      | XOM: enchant monster (good)
  2174 | D:2      | XOM is BORED!
  2248 | D:2      | XOM: smoke on damage
  2448 | D:2      | Found an iron altar of Okawaru.
  2703 | D:2      | Found a blossoming altar of Fedhas.
  3117 | D:3      | XOM: butterfly on damage
  3140 | D:3      | Reached XP level 5. HP: 17/24 MP: 6/6
  3249 | D:3      | XOM: silly message
  3311 | D:3      | Found an ornate altar of the Wu Jian Council.
  3422 | D:3      | Noticed Natasha
  3428 | D:3      | Killed Natasha
  3429 | D:3      | Reached skill level 6 in Unarmed Combat
  3568 | D:3      | Found a radiant altar of Vehumet.
  3672 | D:3      | Found a basalt altar of Yredelemnul.
  3674 | D:3      | Noticed Menkaure
  3675 | D:3      | Found an ancient bone altar of Kikubaaqudgha.
  3685 | D:3      | Found a transporter.
  3687 | D:3      | Found a transporter.
  3702 | D:3      | XOM: noise
  3707 | D:3      | Slain by Menkaure
  3708 | D:3      | Reached XP level 4. HP: -4/21 MP: 5/5
  3745 | D:3      | Killed Menkaure
  3746 | D:3      | Reached skill level 7 in Unarmed Combat
  3746 | D:3      | Reached XP level 5. HP: 18/24 MP: 6/6
  3992 | D:3      | Noticed Natasha
  4003 | D:3      | Killed Natasha
  4115 | D:3      | XOM: god gift: 25 gold pieces
  4126 | D:4      | XOM: confuse monster(s)
  4135 | D:4      | Slain by a worker ant

Illustrated notes

Levels and vault maps discovered:
D:1:      dpeg_arrival_round_a, layout_loops_ring, minivault_25,
          minmay_strange_pillars
D:2:      layout_loops_ring, lemuel_round_altar, kennysheep_okawaru_gauntlet
D:3:      layout_rooms, nzn_wu_jian_council_hall, marbit_many_paths,
          gammafunk_temple_of_torment, st_stairs_14, uniq_natasha
D:4:      layout_basic, minmay_temple_entry_statues_pillars, uniq_robin,
          uniq_blork_the_orc, uniq_sigmund

Skill      XL: |  1  2  3  4  5 |
---------------+----------------+-----
Unarmed Combat | 4 5 7 6 |  7.1
Fighting       | |  3.0
Dodging        | |  3.2

Action                   |  1- 3 |  4- 6 || total
-------------------------+-------+-------++-------
Melee: Unarmed           |   114 |   108 ||   222
       Bite              |     5 |     4 ||     9
       Punch             |     1 |     2 ||     3
  Use: Scroll            |       |     3 ||     3
 Stab: Sleeping          |     5 |     3 ||     8
       Distracted        |     1 |       ||     1
Armor: Skin              |    10 |     3 ||    13
Dodge: Dodged            |    87 |    62 ||   149

Table legend: (Time is in decaauts)
 A = Elapsed time spent in this place.
 B = Non-inter-level travel time spent in this place.
 C = Inter-level travel time spent in this place.
 D = Time resting spent in this place.
 E = Time spent auto-exploring this place.
 F = Levels seen in this place.
 G = Mean time per level.
                   A        B        C        D        E       F      G
               +--------+--------+--------+--------+--------+-----+--------+
         Total |   3723 |   3637 |     86 |   1151 |   1880 |   4 |  930.8 |
       Dungeon |   3723 |   3637 |     86 |   1151 |   1880 |   4 |  930.8 |
               +--------+--------+--------+--------+--------+-----+--------+

Top non-repeatable levels by time:
     D:1: 1705 daAuts
     D:2: 1096 daAuts
     D:3: 912 daAuts
     D:4: 9 daAuts
